 Dungeon Crawl Stone Soup version 0.29-a0-338-g1ff7896281 (webtiles) character file.

Game seed: 11477197364189114194

16 Gargoyl the Skirmisher (level 2, 0/20 HPs)
             Began as a Gargoyle Abyssal Knight on Apr 19, 2022.
             Was a Believer of Lugonu.
             Slain by a jackal (1 damage)
             ... on level 1 of the Dungeon.
             The game lasted 00:00:24 (628 turns).

Gargoyl the Skirmisher (Gargoyle Abyssal Knight)     Turns: 628, Time: 00:00:24

Health: 0/20       AC:  6    Str: 16    XL:     2   Next: 58%
Magic:  3/3        EV: 11    Int: 10    God:    Lugonu [**....]
Gold:   0          SH:  0    Dex: 10    Spells: 1/1 levels left

rFire   . . .      SeeInvis .   a - +1 hand axe
rCold   . . .      Faith    .   (no shield)
rNeg    + . .      Spirit   .   b - +0 leather armour
rPois   ∞          Reflect  .   (no helmet)
rElec   +          Harm     .   (no cloak)
rCorr   .          Rampage  .   (no gloves)
Will    .....                   (no boots)
Stlth   +.........              (no amulet)
HPRegen 0.06/turn               (no ring)
MPRegen 0.08/turn               (no ring)

@: no status effects
A: sickness immunity, AC +2, negative energy resistance 1, electricity
resistance, torment resistance 1, petrification resistance
a: Renounce Religion, Depart the Abyss, Bend Space


You were on level 1 of the Dungeon.
You worshipped Lugonu.
Lugonu was pleased with you.
You visited 1 branch of the dungeon, and saw 1 of its levels.
You visited the Abyss 1 time.

Inventory:

Hand Weapons
 a - a +1 hand axe (weapon)
Armour
 b - a +0 leather armour (worn)
Scrolls
 e - a scroll of identify {unknown}
Potions
 c - a potion of might {unknown}
 d - a potion of lignification {unknown}


   Skills:
 + Level 3.7 Fighting
 + Level 2.1 Axes
 + Level 2.3 Armour
 + Level 1.0 Dodging
 + Level 2.0 Invocations


You had one spell level left.
You didn't know any spells.
Your spell library was empty.

Dungeon Overview and Level Annotations

Branches:
Dungeon (1/15)

Altars:


Innate Abilities, Weirdness & Mutations

You are immune to sickness and miasma.
Your stone body is resilient. (AC +2)
You are immune to poison.
You resist negative energy. (rN+)
You are resistant to electric shocks. (rElec)
You are resistant to unholy torment.
You are immune to petrification.


Message History

You barely miss the jackal.
The jackal bites you but does no damage.
A jackal comes into view.
The jackal completely misses you.
The jackal barks!
The jackal misses you.
You completely miss the jackal.
The jackal is heavily wounded.
You hit the jackal but do no damage. The jackal closely misses you.
The jackal barely misses you.
A frilled lizard comes into view.
The jackal bites you but does no damage.
The jackal completely misses you.
The frilled lizard hisses angrily.
You hit the jackal.
The jackal is almost dead.
You barely miss the jackal. You closely miss the jackal.
The jackal barely misses you.
The jackal bites you but does no damage. x4
The jackal closely misses you.
You closely miss the jackal.
The jackal is almost dead.
You closely miss the jackal. You hit the jackal. The jackal barely misses you.
The jackal bites you.
* * * LOW HITPOINT WARNING * * *
The jackal bites you but does no damage.
The jackal closely misses you. x2
You closely miss the jackal. You barely miss the jackal. You hit the jackal.
The jackal bites you.
* * * LOW HITPOINT WARNING * * *
The jackal closely misses you. The jackal barely misses you.
The jackal bites you but does no damage.
You hit the jackal.
The jackal is severely wounded.
You hit the frilled lizard. You hit the jackal but do no damage.
You closely miss the jackal. The jackal bites you.
* * * LOW HITPOINT WARNING * * *
The jackal barely misses you. x2; The frilled lizard closely misses you.
The jackal closely misses you. The jackal bites you.
You die...

# #.###### ..
....####. ...
...........
..##########..........
............. .......
#.......##.# ...##.#
#.......##.# #..##..
#.hhl...##.###......
#.h@........##.###..
##..†...............
#.?.........#......
+......?....#......
#....♣..♣...#......
#...........#.....♣
#...........#...♣♣♣
#...........#..♣♣♣.
#...........##.♣PPP


You could see 3 jackals and a frilled lizard.

Vanquished Creatures
  A ball python (D:1)
  2 endoplasms (D:1)
  A goblin (D:1)
  2 hobgoblins (D:1)
  5 jackals (D:1)
  A frilled lizard (D:1)
  A rat (D:1)
13 creatures vanquished.

Vanquished Creatures (others)
  A plant (D:1)
1 creature vanquished.

Grand Total: 14 creatures vanquished

Notes
Turn   | Place    | Note
-------+----------+-------------------------------------------
     0 | Abyss:1  | Gargoyl the Gargoyle Abyssal Knight began the quest for the
                  | Orb.
     0 | Abyss:1  | Reached XP level 1. HP: 14/14 MP: 2/2
     0 | D:1      | Escaped the Abyss
   305 | D:1      | Reached skill level 1 in Dodging
   305 | D:1      | Reached XP level 2. HP: 16/19 MP: 3/3
   628 | D:1      | HP: 1/20 [jackal (1)]
   628 | D:1      | Slain by a jackal

Illustrated notes

Levels and vault maps discovered:
D:1:      elethiomel_arrival_infinity_welcomes_careful_drivers, layout_basic,
          serial_forest, infiniplex_forest_lined_room_3,
          infiniplex_forest_side_room, infiniplex_forest_lined_room_3,
          infiniplex_forest_lined_1, infiniplex_forest_lined_1,
          infiniplex_forest_straight_2, infiniplex_forest_straight_2,
          infiniplex_forest_pool, infiniplex_forest_lined_room_,
          infiniplex_forest_end_1, chequers_garden, minmay_rat_gold_closets

Skill      XL: |  1 |
---------------+----+-----
Axes           | 2 |  2.1
Dodging        | 1 |  1.0
Fighting       | |  3.7
Armour         | |  2.3
Invocations    | |  2.0

Action                   || total
-------------------------++-------
Melee: Hand axe          ||    43
Invok: Depart the Abyss  ||     1
Armor: Leather armour    ||    28
Dodge: Dodged            ||    46

Table legend: (Time is in decaauts)
 A = Elapsed time spent in this place.
 B = Non-inter-level travel time spent in this place.
 C = Inter-level travel time spent in this place.
 D = Time resting spent in this place.
 E = Time spent auto-exploring this place.
 F = Levels seen in this place.
 G = Mean time per level.
                   A        B        C        D        E       F      G
               +--------+--------+--------+--------+--------+-----+--------+
         Total |    636 |    636 |      0 |      0 |    538 |   2 |  318.0 |
       Dungeon |    636 |    636 |      0 |      0 |    538 |   1 |  636.0 |
         Abyss |      0 |      0 |      0 |      0 |      0 |   1 |    0.0 |
               +--------+--------+--------+--------+--------+-----+--------+

Top non-repeatable levels by time:
     D:1: 636 daAuts
